 Dungeon Crawl Stone Soup version 0.32-a0-411-g744942f433 (webtiles) character file.

Game seed: 11750675773152477266

292 shadowstone the Sneak (level 6, -2/46 HPs)
             Began as a Coglin Brigand on Feb 20, 2024.
             Slain by an orc
             ... wielding a +0 whip
              (3 damage)
             ... on level 4 of the Dungeon on Feb 21, 2024.
             The game lasted 00:12:02 (2709 turns).

shadowstone the Sneak (Coglin Brigand)              Turns: 2709, Time: 00:12:02

Health: -2/46      AC:  9    Str: 14    XL:     6   Next: 33%
Magic:  6/6        EV:  7    Int: 12    God:
Gold:   179        SH:  0    Dex: 15    Spells: 5/5 levels left

rFire   . . .        i - +7 dagger "Kisumi" {flame, Int+2}
rCold   . . .        a - +2 dagger {Yongsun}
rNeg    . . .        r - +0 chain mail
rPois   .            (no helmet)
rElec   .            c - +0 cloak
rCorr   .            (no gloves)
SInv    .            (no boots)
Will    .....        (no amulet) Stlth
                     (no ring)
HPRegen 0.27/turn    (no ring)
MPRegen 0.10/turn

%: no passive effects
@: immotile, revved
A: off-hand wielding, slow wielding, warmup strikes, legs shutdown
a: no special abilities


You were on level 4 of the Dungeon.
You visited 1 branch of the dungeon, and saw 3 of its levels.

You collected 179 gold pieces.

Inventory:

Hand Weapons
 a - a +2 dagger (offhand) {Yongsun}
 i - the +7 dagger "Kisumi" (weapon) {flame, Int+2}
   (You found it on level 2 of the Dungeon)

   Int+2:     It affects your intelligence (+2).
 w - a +3 quarterstaff of chaos {Edmée}
 y - a +0 hammer
Missiles
 d - 9 poisoned darts
 e - 3 curare-tipped darts
Armour
 b - a +0 robe
 c - a +0 cloak (worn)
 n - a +0 scale mail
 r - a +0 chain mail (worn)
 x - a +0 cloak
Wands
 l - a wand of mindburst (14)
 u - a wand of iceblast (10)
 v - a wand of flame (25)
Scrolls
 f - 2 scrolls of fog
 h - a scroll of blinking {unknown}
 o - a scroll of teleportation
 s - a scroll of identify
Potions
 g - a potion of mutation
 j - 2 potions of curing {unknown}
 k - a potion of degeneration {unknown}
 m - 2 potions of attraction {unknown}
 p - a potion of haste {unknown}


   Skills:
 + Level 2.6 Fighting
 + Level 3.1 Short Blades
 + Level 0.3 Staves
 + Level 3.3 Throwing
 + Level 1.3 Armour
 + Level 1.8 Dodging
 + Level 4.2 Stealth


You had 5 spell levels left.
You didn't know any spells.
Your spell library contained the following spells:

 Spells                   Type           Power      Damage    Failure   Level
 Summon Ice Beast         Ice/Summ       0%         N/A       100%        3
 Martyr's Knell           Necr/Summ      0%         N/A       100%        4
 Summon Mana Viper        Hex/Summ       0%         N/A       100%        5
 Bombard                  Conj/Erth      0%         9d1       100%        6
 Monstrous Menagerie      Summ           0%         N/A       100%        7
 Lehudib's Crystal Spear  Conj/Erth      0%         10d2      100%        8


Dungeon Overview and Level Annotations

Branches:
Dungeon (4/15)
 Temple: D:4-7

Altars:
Gozag

Annotations:
D:4 Edmund


Innate Abilities, Weirdness & Mutations

You can wield a second weapon in your off-hand.
It takes a long time for you to wield or remove held weapons.
Your first few attacks do less damage.
Attacking and casting redirects power from your legs.


Message History

You burn Edmund.
Edmund is moderately wounded.
You hit Edmund but do no damage. The orc closely misses you.
Edmund hits you with a +1 dire flail of protection.
You hit Edmund but do no damage.
Edmund is moderately wounded.
You hit Edmund but do no damage. The orc hits you but does no damage.
Edmund barely misses you.
You hit Edmund with the +7 dagger "Kisumi".
You burn Edmund.
Edmund is moderately wounded.
You hit Edmund with your +2 dagger.
The orc hits you with a +3 hand axe of electrocution.
The orc hits you with a +0 falchion. The orc barely misses you.
Edmund closely misses you.
You hit Edmund but do no damage.
Edmund is heavily wounded.
You puncture Edmund with the +7 dagger "Kisumi"!
You burn Edmund.
The orc hits you with a +3 hand axe of electrocution.
The orc hits you with a +0 falchion. The orc barely misses you.
The orc hits you but does no damage.
Edmund hits you with a +1 dire flail of protection!
You closely miss Edmund with your +2 dagger.
Edmund is almost dead.
You hit Edmund with the +7 dagger "Kisumi".
You burn Edmund. You hit Edmund but do no damage.
Edmund is almost dead.
You hit Edmund with your +2 dagger. The orc completely misses you.
The orc hits you but does no damage. The orc hits you with a +0 falchion.
* * * LOW HITPOINT WARNING * * *
The orc hits you but does no damage.
Edmund hits you with a +1 dire flail of protection!
* * * LOW HITPOINT WARNING * * *
You hit Edmund but do no damage.
Edmund is almost dead.
You hit Edmund but do no damage. The orc hits you but does no damage.
The orc closely misses you. x2; The orc hits you with a +0 whip.
You die...

#. #..# ##+##. #.
#..###..##.
##.######..........
#..!...#........... #
.......#...†....... #.#
#....##..##...##.
....+###....##..##...##.
....(Koo..............#.
.....oo@..............#.
.....so@..(...........+.
......................#.
#.##..##....###.###..###
# #.. #....# ### ######
.... #>....# ...... ####
#.....# ...... #...###
##..## ##


You could see Edmund, a scorpion, 5 orcs and a kobold.

Vanquished Creatures
  A black bear (D:4)
  Crazy Yiuf (D:2)
  A bombardier beetle (D:4)
  4 adders
  3 dart slugs
  A ribbon worm (D:2)
  5 ball pythons
  7 endoplasms
  4 giant cockroaches
  3 goblins
  A hobgoblin (D:2)
  6 jackals (D:1)
  7 kobolds
  3 quokkas
  4 bats
  3 frilled lizards (D:1)
  7 rats
61 creatures vanquished.

Notes
Turn   | Place    | Note
-------+----------+-------------------------------------------
     0 | D:1      | shadowstone the Coglin Brigand began the quest for the Orb.
     0 | D:1      | Reached XP level 1. HP: 16/16 MP: 1/1
   236 | D:1      | Reached XP level 2. HP: 17/22 MP: 2/2
   596 | D:1      | Reached XP level 3. HP: 24/27 MP: 3/3
   640 | D:1      | Found a faded altar of an unknown god.
   660 | D:1      | Reached skill level 4 in Stealth
   743 | D:1      | Reached skill level 1 in Dodging
  1044 | D:1      | Reached XP level 4. HP: 33/33 MP: 4/4
  1512 | D:2      | Got the Secrets of Amalgamated Scree
  1672 | D:2      | Found a runed translucent door.
  1673 | D:2      | Noticed Crazy Yiuf
  1893 | D:2      | Reached XP level 5. HP: 33/39 MP: 5/5
  1986 | D:2      | Killed Crazy Yiuf
  2227 | D:2      | Found an opulent altar of Gozag.
  2272 | D:2      | Identified the +7 dagger "Kisumi" {flame, Int+2}
  2356 | D:2      | You fall into a shaft and drop 2 floors!
  2580 | D:4      | Noticed a black bear
  2595 | D:4      | Killed a black bear
  2596 | D:4      | Reached skill level 1 in Armour
  2596 | D:4      | Reached XP level 6. HP: 20/46 MP: 6/6
  2698 | D:4      | Noticed Edmund
  2708 | D:4      | HP: 1/46 [Edmund/+1 dire flail of protection (12)]
  2709 | D:4      | Slain by an orc

Illustrated notes

Levels and vault maps discovered:
D:1:      roderic_dead_forest, layout_loops_ring,
          hellmonk_ecumenical_altar_pennies_from_heaven,
          kennysheep_small_spiral, minmay_misc_feat_room, minmay_tromino_i2
D:2:      minmay_evil_eye, layout_loops_ring, basic_altar,
          hangedman_decor_points, uniq_crazy_yiuf_cottage
D:4:      layout_gridville, minmay_temple_entry_wispy,
          gammafunk_ghost_necromancy, st_stairs_9, nicolae_figureground_sparkle,
          uniq_blork_the_orc, uniq_edmund, uniq_grinder

Skill      XL: |  1  2  3  4  5 |
---------------+----------------+-----
Throwing       | 2 3 |  3.3
Short Blades   | 2 3 |  3.1
Stealth        | 4 |  4.2
Dodging        | 1 |  1.8
Armour         | 1 |  1.3
Fighting       | |  2.6
Staves         | |  0.3

Action                     |  1- 3 |  4- 6 || total
---------------------------+-------+-------++-------
  Melee: Dagger            |    96 |   108 ||   204
         Quarterstaff      |       |     7 ||     7
  Throw: Dart              |     1 |       ||     1
         Boomerang         |       |    51 ||    51
    Use: Scroll            |       |     6 ||     6
   Stab: Sleeping          |     8 |       ||     8
 Armour: Robe              |    58 |     3 ||    61
         Chain mail        |       |    89 ||    89
         Scale mail        |       |    14 ||    14
         Skin              |       |     4 ||     4
  Dodge: Dodged            |    77 |    50 ||   127

Table legend: (Time is in decaauts)
 A = Elapsed time spent in this place.
 B = Non-inter-level travel time spent in this place.
 C = Inter-level travel time spent in this place.
 D = Time resting spent in this place.
 E = Time spent auto-exploring this place.
 F = Levels seen in this place.
 G = Mean time per level.
                   A        B        C        D        E       F      G
               +--------+--------+--------+--------+--------+-----+--------+
         Total |   2701 |   2603 |     98 |    367 |    925 |   3 |  900.3 |
       Dungeon |   2701 |   2603 |     98 |    367 |    925 |   3 |  900.3 |
               +--------+--------+--------+--------+--------+-----+--------+

Top non-repeatable levels by time:
     D:2: 1248 daAuts
     D:1: 1101 daAuts
     D:4: 351 daAuts
